AoeStats
← ScruffyMcDuff

Arabia

503963917Analyzed
1v1 RM · 1mo ago on Sep 3, 2026· 33m 39s· 2 players
Game mode
Random Map
Map size
Tiny (2 player)
Population
200
Speed
Normal
Resources
Standard
Victory
Conquest
Starting age
Dark Age
Ending age
Imperial Age
RankedLock teamsTeams togetherTeam positionsShared explorationLock speedFull tech treeHidden civsTurbo modeCheats
Victory
Defeat
🇨🇦 Burgundians · Canada
1176
+18
🇺🇸 Lithuanians · United States
1215
-18
ScruffyMcDuff
6:54 Loom
7:09 Double-Bit Axe
9:24 Feudal Age
12:55 Horse Collar
18:58 Forging
21:58 Arson
22:32 Scale Mail Armor
23:36 Scale Barding Armor
23:32 Gold Mining
23:43 Heavy Plow
23:55 Bow Saw
30:33 Castle Age
31:22 Squires
30:43 Pikeman
32:10 Iron Casting
31:51 Chain Mail Armor
31:39 Husbandry
32:03 Light Cavalry
ofallonaustin
6:39 Loom
8:54 Feudal Age
9:41 Double-Bit Axe
11:49 Horse Collar
21:59 Castle Age
20:40 Bloodlines
30:10 Husbandry
Connection lost

Rejoining the realm…

Still unreachable

The connection could not be restored.

Session expired

The server has moved on; the page needs a fresh start.